 Dungeon Crawl Stone Soup version 0.19.5 (webtiles) character file.

5784 ponchio the Thaumaturge (level 10, -2/50 HPs)
             Began as a Deep Elf Conjurer on Nov 10, 2017.
             Was a Priest of Vehumet.
             Slain by Meenos's ghost (18 damage)
             ... on level 1 of the Lair of Beasts.
             The game lasted 01:05:04 (14108 turns).

ponchio the Thaumaturge (Deep Elf Conjurer)        Turns: 14108, Time: 01:05:07

Health: -2/50      AC:  4    Str:  5    XL:     10   Next: 50%
Magic:  18/33      EV: 13    Int: 24    God:    Vehumet [***...]
Gold:   466        SH:  0    Dex: 15    Spells: 3 memorised, 29 levels left

rFire  . . .     SeeInvis .     s - +2 whip of the Desert {flame, MR++}
rCold  . . .     Gourm    .     a - +0 robe
rNeg   . . .     Faith    .     (no shield)
rPois  +         Spirit   .     m - +1 helmet
rElec  .         Reflect  .     (no cloak)
rCorr  .         Harm     .     (no gloves)
MR     +++..                    (no boots)
Stlth  ++........               (no amulet)
                                h - +1 ring of slaying
                                i - ring of poison resistance

@: no status effects
A: high mp 1
a: Renounce Religion


You were on level 1 of the Lair of Beasts.
You worshipped Vehumet.
Vehumet was most pleased with you.
You were hungry.

You visited 3 branches of the dungeon, and saw 11 of its levels.

You collected 466 gold pieces.

Inventory:

Hand Weapons
 s - the +2 whip of the Desert (weapon) {flame, MR++}
   (You found it on level 5 of the Dungeon)

   It has been specially enchanted to burn those struck by it, causing extra
   injury to most foes and up to half again as much damage against particularly
   susceptible opponents.
   It affects your resistance to hostile enchantments.
 C - a +2 dagger of distortion
Armour
 a - a +0 robe (worn)
 m - a +1 helmet (worn)
 u - a +0 cloak
Jewellery
 h - a +1 ring of slaying (right hand)
 i - a ring of poison resistance (left hand)
Wands
 e - a wand of slowing (2/48)
 r - a wand of digging (12/24)
 y - a wand of iceblast (7/15)
 D - a wand of slowing (30/48)
Scrolls
 f - 3 scrolls of identify
 g - a scroll of immolation
 j - 7 scrolls of remove curse
 n - a scroll of magic mapping
 q - a scroll of enchant weapon
 t - 3 scrolls of teleportation
 z - a scroll of noise
Potions
 k - 2 potions of agility
 l - a potion of invisibility
 o - 3 potions of curing
 p - 2 potions of cancellation
 w - a potion of ambrosia
 B - a potion of flight {unknown}
 E - a potion of haste {unknown}
Books
 b - a book of Conjurations

   Spells                             Type                      Level
   a - Magic Dart                     Conjuration                  1
   b - Searing Ray                    Conjuration                  2
   c - Dazzling Spray                 Conjuration/Hexes            3
   d - Fulminant Prism                Conjuration/Hexes            4
   e - Iskenderun's Mystic Blast      Conjuration                  4
   f - Iskenderun's Battlesphere      Conjuration/Charms           5
Miscellaneous
 A - a lamp of fire
Comestibles
 c - 8 bread rations
 d - a beef jerky
 x - a meat ration


   Skills:
 - Level 2.4 Dodging
 - Level 2.4 Stealth
 + Level 14.5 Spellcasting
 - Level 10.0 Conjurations
 - Level 10.1 Charms


You had 29 spell levels left.
You knew the following spells:

 Your Spells              Type           Power        Failure   Level  Hunger
a - Magic Dart            Conj           ####         1%          1    None
b - Dazzling Spray        Conj/Hex       #####.       1%          3    None
c - Iskenderun's Battles  Conj/Chrm      ######..     1%          5    ##.....


Dungeon Overview and Level Annotations

Branches:
Dungeon (9/15)             Temple (1/1) D:6            Lair (1/6) D:9
    Orc: D:9-12

Altars:
Ashenzari
Cheibriados
Dithmenos
Elyvilon
Fedhas
Gozag
Hepliaklqana
Kikubaaqudgha
Makhleb
Nemelex Xobeh
Okawaru
Qazlal
Ru
Sif Muna
Trog
Uskayaw
Vehumet
Xom
Yredelemnul
Zin
The Shining One

Annotations:
Lair:1 Meenos's ghost, novice OgCK


Innate Abilities, Weirdness & Mutations

You have an increased reservoir of magic. (+10% MP)


Message History

Meenos's ghost points at you and mumbles some strange words.
The flame tongue misses you.
You feel better. Meenos's ghost casts a spell at you.
The flame tongue misses you.
Casting: Magic Dart
Confirm with . or Enter, or press ? or * to list all spells.
You conjure a globe of magical energy.
Casting: Iskenderun's Battlesphere
Confirm with . or Enter, or press ? or * to list all spells.
Aiming: Magic Dart
Press: ? - help, Shift-Dir - straight line, f/p - Meenos's ghost
Aim: Meenos's ghost, wielding a weapon of protection (heavily damaged)
The magic dart hits Meenos's ghost.
Meenos's ghost is heavily damaged.
Your battlesphere fires!
The barrage of energy hits Meenos's ghost.
Meenos's ghost is severely damaged.
Meenos's ghost hits you!!
You die...

#.# #.##
####..####.#.
.######P#..<.ยง.....
...........########
#.#.######.# #.##
#W.# #@.# #*## ..#
####


You could see Meenos's ghost and a friendly battlesphere.

Vanquished Creatures
  The ghost of tidbits the Carver, a novice HESk of Makhleb (D:9)
  Psyche (D:9)
  The ghost of p0werm0de the Slasher, a novice HECK of Xom (D:7)
  The ghost of p0werm0de the Martial Artist, a novice HECK of Xom (D:5)
  2 trolls (D:9)
  A hippogriff (D:8)
  A two-headed ogre (D:8)
  Prince Ribbit (D:9)
  A hungry ghost (D:8)
  2 water moccasins (D:4)
  2 hell hounds (D:9)
  A black bear (D:5)
  An ice beast (D:6)
  2 sky beasts
  A phantom (D:6)
  3 centaurs
  5 ogres
  3 big kobolds
  2 bullfrogs (D:6)
  2 scorpions
  4 howler monkeys
  4 crimson imps
  A bullfrog zombie (D:7)
  2 jellies
  Crazy Yiuf (D:6)
  An orc priest (D:7)
  3 hounds
  A centaur skeleton (D:5)
  A gnoll shaman (D:8)
  Ijyb (D:2)
  3 iguanas
  2 orc wizards
  7 worker ants
  A hound skeleton (D:6)
  A howler monkey zombie (D:8)
  7 adders
  12 gnolls
  A howler monkey skeleton (D:6)
  A shadow imp (D:9)
  2 oozes
  2 adder skeletons
  3 worms
  2 dart slugs
  3 leopard geckos
  25 orcs
  4 ball pythons
  A bat zombie (D:1)
  8 giant cockroaches
  6 goblins
  9 hobgoblins
  12 jackals
  2 quokkas
  A ball python zombie (D:1)
  12 bats
  4 frilled lizards
  A giant cockroach zombie (D:6)
  A jackal skeleton (D:8)
  27 kobolds
  A leopard gecko skeleton (D:4)
  2 quokka skeletons
  14 rats
230 creatures vanquished.

Notes
Turn   | Place    | Note
-------+----------+-------------------------------------------
     0 | D:1      | ponchio the Deep Elf Conjurer began the quest for the Orb.
     0 | D:1      | Reached XP level 1. HP: 10/10 MP: 6/6
   489 | D:1      | Reached skill level 4 in Spellcasting
   489 | D:1      | Reached XP level 2. HP: 15/15 MP: 3/9
  1217 | D:1      | Reached XP level 3. HP: 19/19 MP: 8/11
  1226 | D:1      | Learned a level 3 spell: Dazzling Spray
  2235 | D:2      | Reached skill level 5 in Spellcasting
  2334 | D:2      | Found a faded altar of an unknown god.
  2529 | D:2      | Noticed Ijyb
  2567 | D:2      | Gained mutation: You are weak. (Str -2) [potion of mutation]
  2567 | D:2      | Gained mutation: You have an increased reservoir of magic. (+10% MP) [potion of mutation]
  2586 | D:2      | Killed Ijyb
  2586 | D:2      | Reached skill level 6 in Spellcasting
  2586 | D:2      | Reached XP level 4. HP: 4/24 MP: 0/15
  3395 | D:2      | Found a faded altar of an unknown god.
  4810 | D:4      | Noticed an ogre
  4814 | D:4      | Noticed an ogre
  4817 | D:4      | Killed an ogre
  4817 | D:4      | Reached skill level 7 in Spellcasting
  4817 | D:4      | Reached XP level 5. HP: 28/28 MP: 6/18
  4824 | D:4      | Killed an ogre
  4824 | D:4      | Reached skill level 8 in Spellcasting
  4824 | D:4      | Reached XP level 6. HP: 32/32 MP: 1/21
  4949 | D:4      | Learned a level 5 spell: Iskenderun's Battlesphere
  5490 | D:2      | Found a faded altar of an unknown god.
  6101 | D:4      | Reached skill level 1 in Charms
  6334 | D:4      | Noticed a water moccasin
  6339 | D:4      | Killed a water moccasin
  6354 | D:4      | Noticed a water moccasin
  6389 | D:4      | Killed a water moccasin
  6389 | D:4      | Reached skill level 5 in Conjurations
  6389 | D:4      | Reached XP level 7. HP: 33/36 MP: 7/23
  6839 | D:4      | Reached skill level 5 in Charms
  7244 | D:5      | Entered Level 5 of the Dungeon
  7497 | D:5      | Found a sparkling altar of Nemelex Xobeh.
  7541 | D:5      | Noticed p0werm0de's ghost (novice HECK)
  7547 | D:5      | Killed p0werm0de's ghost
  7896 | D:5      | Reached XP level 8. HP: 41/41 MP: 15/24
  8021 | D:5      | Found a snail-covered altar of Cheibriados.
  8363 | D:5      | Got a steaming whip
  8364 | D:5      | Identified the +2 whip of the Desert {flame, MR++} (You found it on level 5 of the Dungeon)
  8597 | D:6      | Gained mutation: Your body sometimes deteriorates upon taking damage. [potion of mutation]
  8597 | D:6      | Gained mutation: You passively map a small area around you. [potion of mutation]
  8693 | D:6      | Found a staircase to the Ecumenical Temple.
  8699 | Temple   | Entered the Ecumenical Temple
  8718 | Temple   | Became a worshipper of Vehumet
  9156 | D:6      | Found a runed door.
  9311 | D:6      | Reached skill level 9 in Spellcasting
  9562 | D:6      | Noticed Crazy Yiuf
  9568 | D:6      | Killed Crazy Yiuf
  9586 | D:6      | Gained mutation: You expend magic power (3 MP) to strengthen your wands. [mutagenic meat]
  9587 | D:6      | Gained mutation: You tend to lose your temper in combat. [mutagenic meat]
  9588 | D:6      | Gained mutation: You often lose your temper in combat. [mutagenic meat]
  9589 | D:6      | Gained mutation: Your flesh is cold resistant. (rC+) [mutagenic meat]
  9589 | D:6      | Lost mutation: You are weak. (Str -2) [potion of cure mutation]
  9589 | D:6      | Lost mutation: Your body sometimes deteriorates upon taking damage. [potion of cure mutation]
  9589 | D:6      | Lost mutation: You expend magic power (3 MP) to strengthen your wands. [potion of cure mutation]
  9589 | D:6      | Lost mutation: You often lose your temper in combat. [potion of cure mutation]
  9589 | D:6      | Lost mutation: Your flesh is cold resistant. (rC+) [potion of cure mutation]
  9589 | D:6      | Lost mutation: You passively map a small area around you. [potion of cure mutation]
  9589 | D:6      | Lost mutation: You tend to lose your temper in combat. [potion of cure mutation]
  9644 | D:6      | Reached * piety under Vehumet
  9644 | D:6      | Offered knowledge of Sandblast by Vehumet.
  9644 | D:6      | Reached XP level 9. HP: 45/45 MP: 14/26
  9993 | D:7      | Noticed p0werm0de's ghost (novice HECK)
 10002 | D:7      | Killed p0werm0de's ghost
 10438 | D:7      | Reached skill level 10 in Conjurations
 10987 | D:8      | Reached skill level 10 in Spellcasting
 10987 | D:8      | Reached skill level 10 in Charms
 11061 | D:8      | Reached ** piety under Vehumet
 11065 | D:8      | Offered knowledge of Flame Tongue by Vehumet.
 11218 | D:8      | Reached skill level 11 in Spellcasting
 11439 | D:8      | Reached skill level 12 in Spellcasting
 12024 | D:8      | Offered knowledge of Stone Arrow by Vehumet.
 12640 | D:7      | Reached XP level 10. HP: 50/50 MP: 28/30
 13235 | D:9      | Noticed Prince Ribbit
 13246 | D:9      | Killed Prince Ribbit
 13278 | D:9      | Reached skill level 13 in Spellcasting
 13593 | D:9      | Found a staircase to the Lair.
 13671 | D:9      | Noticed Psyche
 13672 | D:9      | Killed Psyche
 13672 | D:9      | Reached *** piety under Vehumet
 13974 | D:9      | Noticed tidbits's ghost (novice HESk)
 13981 | D:9      | Killed tidbits's ghost
 13981 | D:9      | Reached skill level 14 in Spellcasting
 14080 | Lair:1   | Entered Level 1 of the Lair of Beasts
 14090 | Lair:1   | Noticed Meenos's ghost (novice OgCK)
 14108 | Lair:1   | Slain by Meenos's ghost

Skill      XL: |  1  2  3  4  5  6  7  8  9 10 |
---------------+-------------------------------+-----
Spellcasting   | 4 6 7 8 9 12 14 | 14.5
Charms         | 4 7 8 10 | 10.1
Conjurations   | 5 6 9 10 | 10.0
Dodging        | |  2.4
Stealth        | |  2.4

Action                   |  1- 3 |  4- 6 |  7- 9 | 10-12 || total
-------------------------+-------+-------+-------+-------++-------
Melee: Short sword       |    39 |       |       |       ||    39
       Whip              |       |       |       |     1 ||     1
 Cast: Magic Dart        |    88 |    86 |   232 |    66 ||   472
       Dazzling Spray    |       |     8 |    32 |     1 ||    41
       Iskenderun's Batt |       |       |    38 |    12 ||    50
  Use: Potion            |     2 |       |     2 |     2 ||     6
       Scroll            |       |     8 |     6 |     1 ||    15
  Eat: Chunk             |     5 |     3 |    27 |     3 ||    38
       Bread ration      |       |     1 |       |       ||     1
       Meat ration       |       |     1 |       |       ||     1
       Pizza             |       |       |     1 |       ||     1
       Beef jerky        |       |       |       |     1 ||     1
Armor: Robe              |     8 |       |     8 |       ||    16
Dodge: Dodged            |    33 |    14 |    35 |     9 ||    91
